 Dungeon Crawl Stone Soup version 0.31.0-11-ge490571c62 (webtiles) character file.

Game seed: 2384561565350791504

98 Inchmeat the Poker (level 4, 0/34 HPs)
             Began as a Demonspawn Gladiator on Feb 9, 2024.
             Incinerated by a bombardier beetle (6 damage)
             ... with a burning spray
             ... on level 2 of the Dungeon.
             The game lasted 00:04:50 (2091 turns).

Inchmeat the Poker (Demonspawn Gladiator)           Turns: 2091, Time: 00:04:50

Health: 0/34       AC:  6    Str: 16    XL:     4   Next: 43%
Magic:  4/4        EV: 31    Int:  8    God:
Gold:   98         SH:  0    Dex: 15    Spells: 3/3 levels left

rFire   . . .        a - +0 trident (flame)
rCold   . . .        (no shield)
rNeg    . . .        l - +0 ring mail
rPois   .            c - +0 helmet
rElec   .            (no cloak)
rCorr   .            (no gloves)
SInv    .            (no boots)
Will    .....        f - amulet of the acrobat
Stlth   +            i - +5 ring of evasion
HPRegen 0.25/turn    (no ring)
MPRegen 0.09/turn

%: acrobat
@: on fire, acrobatic, glowing
A: claws 2, powered by death 1
a: no special abilities


You were on level 2 of the Dungeon.
You visited 1 branch of the dungeon, and saw 3 of its levels.

You collected 98 gold pieces.

Inventory:

Hand Weapons
 a - a +0 trident of flaming (weapon)
Missiles
 d - 4 throwing nets (quivered)
 e - 3 javelins
Armour
 c - a +0 helmet (worn)
 l - a +0 ring mail (worn)
Jewellery
 f - an amulet of the acrobat (around neck)
 i - a +5 ring of evasion (left claw)
 k - a ring of flight
Talismans
 n - a maw talisman
Scrolls
 b - 2 scrolls of enchant armour {unknown}
 g - 3 scrolls of fear {unknown}
Potions
 h - a potion of degeneration {unknown}
 j - 2 potions of magic {unknown}
 m - a potion of mutation {unknown}


   Skills:
 * Level 2.8 Fighting
 - Level 4.4 Polearms
 - Level 1.7 Throwing
 - Level 2.6 Dodging


You had 3 spell levels left.
You didn't know any spells.
Your spell library was empty.

Dungeon Overview and Level Annotations

Branches:
Dungeon (3/15)

Altars:


Innate Abilities, Weirdness & Mutations

You have very sharp fingernails.
You regenerate a little health from kills.


Message History

The bombardier beetle sprays incendiary fluid at you.
The burning spray hits you.
You are covered in liquid fire!
There is a stone staircase leading up, spattered with blood here.
You reach to attack!
You hit the gnoll. You burn the gnoll.
The gnoll is moderately wounded.
The liquid fire burns you!
The gnoll hits you from afar with a +0 halberd of protection.
You take 8 damage, and have 26/34 hp.
MASSIVE DAMAGE!!
You reach to attack!
You hit the gnoll. You burn the gnoll.
The gnoll is severely wounded.
The liquid fire burns you!
The gnoll hits you from afar with a +0 halberd of protection.
The bombardier beetle sprays incendiary fluid at you.
The burning spray hits you.
You are even more covered in liquid fire!
You take 8 damage, and have 18/34 hp.
MASSIVE DAMAGE!!
You are too injured to fight recklessly!
You are too injured to fight recklessly!
You are too injured to fight recklessly!
The liquid fire burns you! The gnoll closely misses you.
You shake off some of the fire as you move.
You climb upwards.
The liquid fire burns you!
* * * LOW HITPOINT WARNING * * *
There is a stone staircase leading down, spattered with blood here.
You take 12 damage, and have 6/34 hp.
MASSIVE DAMAGE!!
You are on fire!
You are on fire!
You are on fire!
You are on fire!
You are on fire!
You are on fire!
You are on fire!
You are on fire!
You are on fire!
You shake off some of the fire as you move.
The liquid fire burns you!
You die...

#.############.#
#..#...........#
#..#.#########.#
#..#.# #.# #..#.#
#.# #..#.# #.#
#.(#.# ####.######
#..#.#
##>........#####
###..#.#
#))@)..........#####
#......#
#..............'....
####.###
#..............#####
#.# ##'##..........#
### #.#
#.##..........# #..
#.# #.##..........#
#.# #.#
#.##..........# #.#
#.# #.##..........#
#.# #.#
#####.##..........#
#.#


There were no monsters in sight!

Vanquished Creatures
  3 gnolls (D:2)
  2 adders (D:2)
  2 dart slugs (D:2)
  4 ribbon worms (D:2)
  3 endoplasms (D:2)
  2 goblins
  4 hobgoblins (D:1)
  4 quokkas
  6 ball pythons
  2 bats (D:1)
  4 frilled lizards
  3 kobolds
  A rat (D:1)
40 creatures vanquished.

Notes
Turn   | Place    | Note
-------+----------+-------------------------------------------
     0 | D:1      | Inchmeat the Demonspawn Gladiator began the quest for the
                  | Orb.
     0 | D:1      | Reached XP level 1. HP: 16/16 MP: 1/1
   127 | D:1      | Reached skill level 3 in Polearms
   280 | D:1      | Gained mutation: You regenerate a little health from kills.
                  | [demonic ancestry]
   280 | D:1      | Reached XP level 2. HP: 18/22 MP: 2/2
   796 | D:2      | Gained mutation: You have sharp fingernails. [demonic
                  | ancestry]
   796 | D:2      | Reached XP level 3. HP: 24/27 MP: 3/3
   882 | D:2      | Reached skill level 4 in Polearms
  1716 | D:2      | Gained mutation: You have very sharp fingernails. [demonic
                  | ancestry]
  1716 | D:2      | Reached XP level 4. HP: 24/33 MP: 4/4
  2091 | D:2      | Incinerated by a bombardier beetle

Illustrated notes

Levels and vault maps discovered:
D:1:      ldierk_walled_garden_2, layout_rooms
D:2:      layout_basic
D:3:      layout_loops_ring, nicolae_grassy_gnolls, uniq_grinder

Skill      XL: |  1  2  3 |
---------------+----------+-----
Polearms       | 3 4 |  4.4
Fighting       | |  2.8
Throwing       | |  1.7
Dodging        | |  2.6

Action                     |  1- 3 |  4- 6 || total
---------------------------+-------+-------++-------
  Melee: Trident           |   129 |    15 ||   144
    Use: Scroll            |     1 |       ||     1
 Armour: Leather armour    |    26 |       ||    26
         Ring mail         |    25 |    11 ||    36
  Dodge: Dodged            |    83 |    10 ||    93
